 Dungeon Crawl Stone Soup version 0.18.1-8-gdd0e5ea (webtiles) character file.

128 Guinours the Ducker (level 5, -11/42 HPs)
             Began as a Merfolk Chaos Knight on May 25, 2016.
             Mangled by a worm (13 damage)
             ... on level 3 of the Dungeon.
             The game lasted 00:09:31 (2494 turns).

Guinours the Ducker (Merfolk Chaos Knight)          Turns: 2494, Time: 00:09:32

Health: -11/42     AC:  5    Str: 13      XL:     5   Next: 12%
Magic:  5/5        EV: 13    Int: 12      God:    Xom [......]
Gold:   88         SH:  0    Dex: 12 (13) Spells: 0 memorised, 4 levels left

rFire  . . .     SeeInvis .     a - +0 falchion (chaos)
rCold  . . .     Gourm    .     b - +2 leather armour
rNeg   . . .     Faith    .     (no shield)
rPois  .         Spirit   .     (no helmet)
rElec  .         Dismiss  .     (no cloak)
rCorr  +         Reflect  .     (no gloves)
SustAt .         Harm     .     (no boots)
MR     .....                    (no amulet)
Stlth  +.........               (no ring)
                                h - ring of resist corrosion

@: not resistant to hostile enchantments, very unstealthy
A: change form in water, swift swim
a: Renounce Religion


You were on level 3 of the Dungeon.
You worshipped Xom.
You were a very special plaything of Xom.
You were not hungry.

You visited 1 branch of the dungeon, and saw 3 of its levels.

You collected 88 gold pieces.

Inventory:

Hand Weapons
 a - a +0 falchion of chaos (weapon)
Missiles
 d - 58 stones (quivered)
Armour
 b - a +2 leather armour (worn)
 g - a +0 plate armour
Jewellery
 h - a ring of resist corrosion (left hand)
Scrolls
 e - 3 scrolls of identify
 f - 2 scrolls of enchant armour
 j - a scroll of teleportation {unknown}
 l - a scroll of remove curse
 m - a scroll of random uselessness {unknown}
Potions
 i - 2 potions of beneficial mutation {unknown}
Comestibles
 c - 3 bread rations
 k - 3 meat rations
 n - 3 chunks of flesh


   Skills:
 + Level 4.0 Fighting
 + Level 4.2 Long Blades
 + Level 1.3 Armour
 * Level 4.7 Dodging
 + Level 0.2 Stealth


You had 4 spell levels left.
You didn't know any spells.

Dungeon Overview and Level Annotations

Branches:
Dungeon (3/15)

Altars:
Nemelex Xobeh
Sif Muna
The Shining One


Message History

* * * LOW HITPOINT WARNING * * *
You slash the orc!
You kill the orc!
You hit the worm.
The worm is poisoned.
The worm is moderately wounded.
The worm misses you.
Some of the chunks of flesh in your inventory have rotted away.
You hit the worm.
The worm goes berserk!
Xom is highly amused!
The worm is moderately wounded.
The worm barely misses you.
You barely miss the worm.
The worm is heavily wounded.
The worm bites you.
* * * LOW HITPOINT WARNING * * *
You hit the worm but do no damage.
The worm is moderately wounded.
The worm bites you!
You die...
Xom titters!

.#.### .# #.### .# #
...# ##.#
####.#.###.# ##...
..##........ ...#.
#.# ##......
#.##.##.# #####.#
#w##....# #.#
#@)###..# ##.#
####...##..#######...
+....................
####...##.########...
##.###.# ##.# #.# ###
#.# #.# #.# #.#
####.# #.# #+# #.#
#....# #.# #.# #.#
#.####


You could see a worm (berserk).

Vanquished Creatures
  A jelly (D:2)
  2 adders
  2 oozes (D:1)
  A worm (D:2)
  2 dart slugs
  A giant gecko (D:3)
  8 orcs (D:3)
  A ball python (D:2)
  4 giant cockroaches
  7 goblins
  5 hobgoblins
  7 kobolds
  7 bats
  6 giant newts
  7 rats
61 creatures vanquished.

Notes
Turn   | Place    | Note
--------------------------------------------------------------
     0 | D:1      | Guinours the Merfolk Chaos Knight began the quest for the Orb.
     0 | D:1      | Reached XP level 1. HP: 18/18 MP: 1/1
    98 | D:1      | XOM: divination: detect items
   166 | D:1      | Reached XP level 2. HP: 18/24 MP: 2/2
   280 | D:1      | XOM: divination: detect creatures
   381 | D:1      | XOM: divination: magic mapping
   603 | D:1      | XOM is BORED!
   603 | D:1      | XOM: noise
   640 | D:1      | XOM: mild Necr miscast
   958 | D:1      | Reached XP level 3. HP: 29/29 MP: 3/3
  1193 | D:2      | Found a deep blue altar of Sif Muna.
  1327 | D:2      | XOM: silly message
  1427 | D:2      | Found a glowing golden altar of the Shining One.
  1492 | D:2      | Reached skill level 1 in Armour
  1528 | D:2      | Reached XP level 4. HP: 37/37 MP: 4/4
  1541 | D:2      | Found a sparkling altar of Nemelex Xobeh.
  1557 | D:2      | XOM: harmless Ice miscast
  1650 | D:2      | Found a sparkling altar of Nemelex Xobeh.
  2233 | D:3      | XOM: potion effect (brilliance)
  2370 | D:3      | Reached XP level 5. HP: 39/42 MP: 5/5
  2480 | D:3      | XOM: stat loss: -1 Dex (12/13)
  2493 | D:3      | HP: 2/42 [worm (6)]
  2494 | D:3      | Mangled by a worm

Skill      XL: |  1  2  3  4 |
---------------+-------------+-----
Dodging        | 3 4 |  4.7
Armour         | 1 |  1.3
Long Blades    | 4 |  4.2
Fighting       | 4 |  4.0
Stealth        | |  0.2

Action                   |  1- 3 |  4- 6 || total
-------------------------+-------+-------++-------
Melee: Falchion          |    97 |   111 ||   208
  Use: Scroll            |     4 |     1 ||     5
  Eat: Chunk             |     2 |     3 ||     5
Armor: Leather armour    |    39 |    43 ||    82
Dodge: Dodged            |    67 |    84 ||   151
